 Dungeon Crawl Stone Soup version 0.30.0-10-gfe55d96785 (webtiles) character file.

Game seed: 6201517855064600156

172 qw the Chopper (level 5, -2/32 HPs)
             Began as a Gargoyle Cinder Acolyte on May 17, 2023.
             Was a High Priest of Ignis.
             Slain by an ogre
             ... wielding a +0 giant spiked club
              (5 damage)
             ... on level 4 of the Dungeon.
             The game lasted 00:01:20 (2769 turns).

qw the Chopper (Gargoyle Cinder Acolyte)            Turns: 2769, Time: 00:01:20

Health: -2/32      AC: 13    Str: 19    XL:     5   Next: 52%
Magic:  6/6        EV:  7    Int: 15    God:    Ignis [*****.]
Gold:   213        SH:  0    Dex:  5    Spells: 6/6 levels left

rFire   + . .        b - +0 war axe
rCold   . . .        (no shield)
rNeg    + . .        a - +0 chain mail
rPois   inf          f - +0 helmet
rElec   +            (no cloak)
rCorr   .            (no gloves)
SInv    .            (no boots)
Will    .....        (no amulet) Stlth
                     (no ring)
HPRegen 0.25/turn    (no ring)
MPRegen 0.10/turn

%: no passive effects
@: no status effects
A: sickness immunity, AC +4, negative energy resistance 1, electricity
resistance, torment resistance 1, petrification resistance
a: Renounce Religion, Fiery Armour, Foxfire Swarm, Rising Flame


You were on level 4 of the Dungeon.
You worshipped Ignis.
Ignis was extremely pleased with you.
You visited 1 branch of the dungeon, and saw 4 of its levels.

You collected 278 gold pieces.
You spent 65 gold pieces at shops.


Innate Abilities, Weirdness & Mutations

You are immune to sickness and miasma.
Your stone body is resilient. (AC +4)
You are immune to poison.
You resist negative energy. (rN+)
You are resistant to electric shocks. (rElec)
You are resistant to unholy torment.
You are immune to petrification.


   Skills:
 - Level 3.5 Fighting
 - Level 5.1 Axes
 - Level 1.0 Throwing
 + Level 1.0 Armour
 - Level 1.0 Spellcasting
 - Level 3.0 Fire Magic


You had 6 spell levels left.
You didn't know any spells.
Your spell library contained the following spells:

 Spells                   Type           Power      Damage    Failure   Level
 Scorch                   Fire           18%        2d6       71%         2

Inventory:

Hand Weapons
 b - a +0 war axe (weapon)
 l - a +0 morningstar
Missiles
 k - 4 boomerangs
 m - 5 javelins (quivered)
Armour
 a - a +0 chain mail (worn)
 f - a +0 helmet (worn)
Scrolls
 i - a scroll of identify
 j - 3 scrolls of teleportation
Potions
 c - a potion of brilliance {unknown}
 d - a potion of curing {unknown}
 e - a potion of flight {unknown}
 h - a potion of ambrosia {unknown}
 n - a potion of invisibility {unknown}

Dungeon Overview and Level Annotations

Branches:
Dungeon (4/15)
 Temple: D:4-7

Altars:

Shops:
D:1 ?


Message History

There is a fountain of clear blue water here.
You open the door.
There is an open door here.
Done exploring.
Done exploring.
2734 ||| UPGRADING to +0 chain mail.
You start removing your armour.
You continue taking off your +0 ring mail. x4
You finish taking off your +0 ring mail.
You start putting on your armour.
You continue putting on your +0 chain mail. x5
You finish putting on your +0 chain mail.
2744 ||| DROPPING +0 ring mail.
You drop a +0 ring mail.
Done exploring.
(D) Dungeon
Where to? (* - list waypoints, Enter - D:3, ? - help)
What level of the Dungeon? (default 1, ? - help)
There is an open door here.
There is a stone staircase leading down here.
You climb downwards.
The endoplasm quivers.
The ogre shouts!
Found a pink potion.
There is a stone staircase leading up here.
There are monsters nearby!
Waypoint 3 assigned to D:4.
You hit the ogre.
The ogre is lightly wounded.
The ogre completely misses you.
An endoplasm comes into view.
You hit the ogre.
The ogre is moderately wounded.
You slash the endoplasm!
You kill the endoplasm!
You hit the ogre but do no damage.
The ogre is moderately wounded.
The ogre hits you with a +0 giant spiked club!!
Ouch! That really hurt!
2769 ||| STAIRDANCE The ogre hits you with a +0 giant spiked club.
You die...

#. #. ##
.. !. #.
.# ##
#.##.##...
##....J..
#.O...#
#..@..#
#.....#
#.....#
#.....#
#######


You could see an ogre and an endoplasm.

Vanquished Creatures
  An orc wizard (D:3)
  3 gnolls (D:2)
  An adder (D:2)
  3 worms
  2 dart slugs
  6 orcs
  5 ball pythons
  6 bats
  7 endoplasms
  4 giant cockroaches
  3 goblins
  11 hobgoblins
  7 jackals (D:1)
  5 kobolds
  6 quokkas
  2 frilled lizards (D:2)
  9 rats
81 creatures vanquished.

Notes
Turn   | Place    | Note
-------+----------+-------------------------------------------
     0 | D:1      | qw the Gargoyle Cinder Acolyte began the quest for the Orb.
     0 | D:1      | Reached XP level 1. HP: 14/14 MP: 2/2
     0 | D:1      | 0 ||| qw: Version: 0.2-a-95-g4c1bab1
     0 | D:1      | 0 ||| qw: Game counter: 139
     0 | D:1      | 0 ||| qw: Always use a shield: true
     0 | D:1      | 0 ||| qw: God list: Okawaru
     0 | D:1      | 0 ||| qw: Allow faded altars: false
     0 | D:1      | 0 ||| qw: Do Orc after D:15 true
     0 | D:1      | 0 ||| qw: Do second Lair branch before Depths: true
     0 | D:1      | 0 ||| qw: Lair rune preference: random
     0 | D:1      | 0 ||| qw: Plans: Normal
     0 | D:1      | 0 ||| PLANNING D:1-11
   123 | D:1      | Reached skill level 3 in Axes
   123 | D:1      | 123 ||| INVOKING Fiery Armour.
   126 | D:1      | Reached XP level 2. HP: 5/19 MP: 3/3
   131 | D:1      | 131 ||| PLANNING D:1-11
   145 | D:1      | 145 ||| Stepping ~*~*~tactically~*~*~ (stealth).
   149 | D:1      | 149 ||| Stepping ~*~*~tactically~*~*~ (stealth).
   150 | D:1      | 150 ||| Stepping ~*~*~tactically~*~*~ (stealth).
   187 | D:1      | 187 ||| Stepping ~*~*~tactically~*~*~ (stealth).
   196 | D:1      | 196 ||| Stepping ~*~*~tactically~*~*~ (hiding).
   199 | D:1      | 199 ||| Stepping ~*~*~tactically~*~*~ (hiding).
   200 | D:1      | 200 ||| Stepping ~*~*~tactically~*~*~ (hiding).
   201 | D:1      | 201 ||| Stepping ~*~*~tactically~*~*~ (hiding).
   203 | D:1      | 203 ||| Stepping ~*~*~tactically~*~*~ (hiding).
   204 | D:1      | 204 ||| Stepping ~*~*~tactically~*~*~ (hiding).
   206 | D:1      | 206 ||| Stepping ~*~*~tactically~*~*~ (hiding).
   230 | D:1      | 230 ||| Stepping ~*~*~tactically~*~*~ (stealth).
   362 | D:1      | Reached XP level 3. HP: 21/23 MP: 4/4
   369 | D:1      | Found a faded altar of an unknown god.
   458 | D:1      | Found Giddytziu's Magic Scroll Emporium.
   464 | D:1      | 464 ||| SHOPLISTING scroll of enchant weapon (97 gold, have
                  | 72).
   464 | D:1      | 464 ||| BUYING scroll of identify (26 gold).
   464 | D:1      | Bought a scroll of identify for 26 gold pieces
   464 | D:1      | 464 ||| BUYING scroll of teleportation (39 gold).
   464 | D:1      | Bought a scroll of teleportation for 39 gold pieces
   808 | D:1      | 808 ||| UPGRADING to +0 helmet.
   813 | D:1      | 813 ||| READING scroll labelled WEOCU VU PERIE.
   814 | D:1      | 814 ||| READING scroll labelled JEZ CISKIPEK.
   815 | D:1      | 815 ||| READING scroll labelled SOSHIG YCAGELE.
   816 | D:1      | 816 ||| READING scroll labelled LEEHAO ITIEFUA.
   817 | D:1      | 817 ||| DRINKING 3 blue potions.
   840 | D:1      | 840 ||| DROPPING 2 potions of lignification.
   902 | D:2      | 902 ||| Stepping ~*~*~tactically~*~*~ (stealth).
   904 | D:2      | 904 ||| Stepping ~*~*~tactically~*~*~ (stealth).
  1072 | D:2      | Reached skill level 1 in Throwing
  1200 | D:2      | Reached skill level 4 in Axes
  1270 | D:2      | 1270 ||| DROPPING +0 club.
  1316 | D:2      | 1316 ||| Stepping ~*~*~tactically~*~*~ (hiding).
  1318 | D:2      | 1318 ||| Stepping ~*~*~tactically~*~*~ (hiding).
  1319 | D:2      | 1319 ||| INVOKING Fiery Armour.
  1324 | D:2      | Reached XP level 4. HP: 24/28 MP: 5/5
  1600 | D:2      | 1600 ||| DROPPING +0 whip.
  1758 | D:2      | 1758 ||| UPGRADING to +0 ring mail.
  1768 | D:2      | 1768 ||| DROPPING +0 robe.
  1769 | D:2      | 1769 ||| READING scroll labelled TIRAXT DECRANK.
  1770 | D:2      | 1770 ||| READING scroll labelled HAEXKO CIPTUMI.
  1771 | D:2      | 1771 ||| READING scroll labelled URCHYR INOZYEHU.
  1803 | D:3      | Reached XP level 5. HP: 32/32 MP: 6/6
  1954 | D:3      | Reached skill level 1 in Armour
  1972 | D:3      | 1972 ||| SWAPPING to +0 war axe.
  1975 | D:3      | 1975 ||| DROPPING -1 hand axe of electrocution.
  2031 | D:3      | 2031 ||| INVOKING Fiery Armour.
  2042 | D:3      | Reached skill level 5 in Axes
  2126 | D:3      | 2126 ||| DROPPING +0 flail.
  2127 | D:3      | 2127 ||| DROPPING +2 whip of venom.
  2142 | D:3      | 2142 ||| Stepping ~*~*~tactically~*~*~ (stealth).
  2373 | D:3      | 2373 ||| Stepping ~*~*~tactically~*~*~ (hiding).
  2513 | D:3      | 2513 ||| Stepping ~*~*~tactically~*~*~ (water).
  2734 | D:3      | 2734 ||| UPGRADING to +0 chain mail.
  2744 | D:3      | 2744 ||| DROPPING +0 ring mail.
  2765 | D:4      | Noticed an ogre
  2768 | D:4      | HP: 3/32 [ogre/+0 giant spiked club (29)]
  2769 | D:4      | 2769 ||| STAIRDANCE
  2769 | D:4      | Slain by an ogre

Levels and vault maps discovered:
D:1:      sevenhm_arrival_forest_fort_large_2, layout_rooms,
          basic_ecumenical_altar, serial_shops, nicolae_shop_statue_plus
D:2:      minmay_chambers_of_twos, layout_loops_ring, minivault_24
D:3:      cheibrodos_helix_gallery, layout_basic, corexii_leaking_fountain,
          kennysheep_generic_room_10
D:4:      cheibrodos_fertilizer, layout_loops_cross,
          minmay_temple_entry_junction, uniq_grinder, uniq_sigmund,
          uniq_duvessa, uniq_robin

Skill      XL: |  1  2  3  4  5 |
---------------+----------------+-----
Axes           | 3 4 5 |  5.1
Throwing       | 1 |  1.0
Armour         | 1 |  1.0
Fighting       | |  3.5
Spellcasting   | |  1.0
Fire Magic     | |  3.0

Action                     |  1- 3 |  4- 6 || total
---------------------------+-------+-------++-------
  Melee: Hand axe          |   122 |    53 ||   175
         War axe           |       |    17 ||    17
  Throw: Javelin           |    19 |    31 ||    50
         Boomerang         |       |     2 ||     2
 Invoke: Fiery Armour      |     2 |     1 ||     3
    Use: Scroll            |     4 |     3 ||     7
         Potion            |     1 |       ||     1
 Armour: Robe              |    55 |    20 ||    75
         Ring mail         |       |    12 ||    12
  Dodge: Dodged            |    95 |    39 ||   134

Table legend:
 A = Non-vault XP
 B = Vault XP
 C = Vault XP percentage of total XP
 D = Non-vault monster count
 E = Vault monster count
 F = Vault count percentage of total count
                 A         B        C        D         E       F
            +---------+---------+-------+---------+---------+-------
      Total |     216 |      30 |  12.2 |      70 |      11 |  13.6
            +---------+---------+-------+---------+---------+-------
        D:1 |      48 |       0 |   0.0 |      28 |       0 |   0.0
        D:2 |      89 |      26 |  22.6 |      24 |       8 |  25.0
        D:3 |      77 |       4 |   4.9 |      17 |       3 |  15.0
        D:4 |       2 |       0 |   0.0 |       1 |       0 |   0.0
            +---------+---------+-------+---------+---------+-------
